Map: Lerilak Crest

Players

Uzee - Winner!

  • Race: Terran Terran
  • League: Diamond

LilDicky

  • Race: Terran Terran
  • League: Diamond

VOD

http://www.twitch.tv/tumescentpie

Description

Time

  • Played on: Dec. 31, 2015, 6:37 p.m.
  • Length: 8:41
Show
View Real Time Build Order
Export as new Build Order

Uzee Terran - Winner!

Build Orders: Liberator Opening, MMM Bio 

Get SALT Encoding   

  12  0:02  SCV  
  13  0:14  SCV  
  13  0:18  Supply Depot  
  14  0:26  SCV  
  15  0:39  SCV  
  16  0:44  Barracks  
  16  0:51  SCV, Refinery  
  17  1:03  SCV  
  18  1:04  Supply Depot  
  18  1:15  SCV  
  19  1:30  Orbital Command  
  19  1:35  Reaper  
  20  1:56  SCV  
  21  2:03  Command Center  
  21  2:08  SCV  
  21  2:21  SCV  
  22  2:24  Factory, Refinery  
  22  2:25  Supply Depot  
  22  2:30  Barracks Reactor  
  22  2:33  SCV  
  23  2:45  SCV  
  23  2:47  Bunker  
  24  2:57  SCV  
  25  3:07  Marine x2  
  25  3:08  Starport  
  25  3:09  Factory Tech Lab, SCV  
  28  3:17  Orbital Command  
  28  3:21  SCV  
  29  3:27  Marine x2  
  29  3:33  SCV  
  32  3:36  Siege Tank  
  35  3:43  SCV  
  35  3:45  SCV  
  35  3:46  Liberator  
  37  3:54  Refinery  
  37  3:55  SCV  
  38  4:01  SCV  
  38  4:02  Marine x2  
  40  4:07  SCV  
  40  4:09  Supply Depot  
  44  4:13  SCV  
  45  4:19  SCV  
  45  4:21  Marine  
  45  4:22  Marine  
  45  4:23  Siege Tank, Engineering Bay  
  51  4:25  SCV  
  52  4:31  SCV  
  52  4:35  Supply Depot  
  52  4:37  SCV  
  54  4:39  Marine x2  
  54  4:43  SCV  
  57  4:46  Barracks  
  57  4:47  Barracks  
  57  4:49  SCV  
  57  4:50  Starport Reactor  
  58  4:56  SCV  
  59  5:01  SCV  
  59  5:06  Marine x2  
  62  5:14  Supply Depot  
  57  5:34  Marine x4  
  61  5:36  Terran Infantry Armor Level 1  
  58  5:52  Marine x2  
  58  5:54  Command Center  
  58  5:55  Barracks  
  58  5:56  Barracks  
  56  6:03  Barracks Tech Lab x2  
  54  6:05  Siege Tank, Medivac x2  
  54  6:08  SCV x2  
  63  6:11  Refinery  
  63  6:16  Marine x2  
  65  6:19  Supply Depot  
  65  6:20  SCV  
  65  6:21  SCV  
  65  6:22  Supply Depot  
  67  6:26  Marine x2  
  67  6:27  Combat Shields, Stimpack  
  69  6:33  SCV x2  
  69  6:34  Marine  
  69  6:37  Engineering Bay  
  69  6:38  Armory  
  72  6:44  Barracks Reactor  
  72  6:45  Barracks Reactor, Missile Turret  
  72  6:49  Siege Tank, Missile Turret  
  75  6:55  Marine x2  
  75  6:56  Marine x2  
  75  7:01  Viking  
  81  7:06  Supply Depot  
  81  7:07  SCV x2  
  83  7:15  Marine x4  
  86  7:20  Marine x2  
  87  7:33  Marine x6  
  93  7:37  Marine  
  93  7:38  Siege Tank, Marine  
  98  7:51  Marine x3  
  101  8:04  Viking x2  
  101  8:05  Marine x5  
  107  8:19  Marine x3  
Show
View Real Time Build Order
Export as new Build Order

LilDicky Terran 

Build Orders: Liberator Opening 

Get SALT Encoding   

  12  0:01  SCV  
  13  0:13  SCV  
  14  0:18  Supply Depot  
  14  0:25  SCV  
  15  0:40  SCV  
  16  0:48  Refinery, Barracks  
  16  0:52  SCV  
  17  1:03  Refinery  
  17  1:04  SCV  
  18  1:21  SCV  
  19  1:35  Supply Depot, Marine  
  19  1:38  Orbital Command  
  20  1:54  Marine  
  21  2:13  Marine  
  22  2:17  Factory  
  22  2:22  Command Center, SCV  
  23  2:31  Marine  
  23  2:34  SCV  
  25  2:46  SCV  
  25  2:49  Marine  
  27  2:59  SCV  
  27  3:00  Factory Tech Lab  
  27  3:02  Starport  
  28  3:09  Supply Depot, Marine  
  28  3:11  SCV  
  30  3:24  SCV  
  31  3:28  Liberator  
  31  3:31  Siege Tank, Marine  
  34  3:48  SCV  
  38  3:54  Refinery  
  37  3:55  Orbital Command  
  37  4:04  SCV  
  37  4:06  Siege Tank  
  37  4:08  Marine  
  42  4:15  Starport  
  42  4:18  SCV  
  42  4:20  SCV  
  44  4:27  Marine  
  44  4:30  SCV  
  46  4:34  SCV  
  47  4:38  Siege Tank  
  47  4:42  SCV  
  47  4:43  Viking  
  53  4:46  SCV  
  54  4:54  Engineering Bay  
  54  5:01  Supply Depot  
  54  5:03  Supply Depot, SCV  
  54  5:04  SCV  
  41  5:38  SCV  
  41  5:39  Viking x2  
  46  5:56  Siege Tank  
  45  6:03  SCV  
  41  6:06  Liberator  
  41  6:14  Refinery  
  41  6:17  Marine  
  42  6:20  Command Center  
  48  6:28  Siege Tank  
  48  6:30  Starport Tech Lab  
  48  6:31  SCV x2, Factory  
  50  6:36  Supply Depot  
  50  6:38  Marine  
  51  6:46  SCV  
  52  6:48  SCV  
  52  6:49  Liberator  
  56  6:55  Banshee, Cloaking Field  
  56  6:58  SCV  
  56  7:00  SCV, Siege Tank  
  56  7:01  Fusion Core  
  61  7:05  Supply Depot  
  64  7:10  SCV  
  64  7:12  SCV  
  66  7:22  SCV  
  67  7:24  Supply Depot, SCV  
  67  7:28  Factory Tech Lab  
Tags
 
Add a new tag
Caveats
  • Supply blocks, unpowered buildings, or Contaminate may cause inaccurate times.
  • Supply counts are checked every 10 seconds.